Map: Dusty Gorge

Players

Toetoefoot

  • Race: Terran Terran
  • Spawn Location: 9:00

sKulLsOul

  • Race: Zerg Zerg
  • League: Diamond
  • Spawn Location: 11:00

Adversity - Winner!

  • Race: Terran Terran
  • Spawn Location: 3:00

TitsMcGee - Winner!

  • Race: Protoss Protoss
  • League: Diamond
  • Spawn Location: 5:00

VOD

Have the link to the VOD?

Description

Time

  • Played on: Sept. 1, 2018, 6:32 p.m.
  • Length: 3:09
Show
View Real Time Build Order
Export as new Build Order

Toetoefoot Terran 

Build Orders:  

Get SALT Encoding   

  12  0:01  SCV  
  13  0:13  SCV  
  14  0:21  Supply Depot  
  14  0:26  SCV  
  15  0:43  SCV  
  15  0:45  Barracks  
  16  0:55  SCV  
  17  1:07  SCV  
  18  1:17  Command Center  
  18  1:23  SCV  
  19  1:28  Refinery  
  19  1:32  Marine  
  19  1:37  Orbital Command  
  20  1:50  Marine  
  21  2:00  Supply Depot  
  21  2:03  SCV  
  23  2:18  SCV  
  23  2:26  Refinery  
  23  2:29  Orbital Command  
  23  2:30  SCV  
  23  2:35  Factory, Marine  
  25  2:42  SCV  
  26  2:48  Supply Depot  
  26  2:54  SCV  
Show
View Real Time Build Order
Export as new Build Order

sKulLsOul Zerg 

Build Orders: Pool First 

Get SALT Encoding   

  12  0:11  Overlord  
  12  0:15  Drone  
  12  0:18  Drone  
  14  0:30  Drone  
  14  0:34  Drone  
  16  0:46  Spawning Pool  
  16  0:49  Drone  
  16  0:55  Drone  
  17  1:06  Drone  
  18  1:19  Hatchery  
  18  1:25  Drone, Extractor  
  17  1:28  Drone  
  18  1:35  Queen  
  18  1:39  Zergling x2  
  21  1:49  Overlord  
  21  2:03  Drone  
  22  2:11  Queen  
  22  2:12  Overlord  
  24  2:22  Drone  
  24  2:31  Drone  
  25  2:45  Drone x3  
  28  2:52  Drone  
  28  2:55  Drone  
  30  2:58  Spore Crawler  
  30  3:00  Spore Crawler  
Show
View Real Time Build Order
Export as new Build Order

Adversity Terran - Winner!

Build Orders:  

Get SALT Encoding   

  12  0:01  SCV  
  13  0:13  SCV  
  14  0:20  Supply Depot  
  14  0:25  SCV  
  15  0:31  Refinery  
  15  0:41  SCV  
  16  0:46  Barracks  
  16  0:53  SCV  
  17  1:05  Barracks  
  17  1:21  Barracks, SCV  
  18  1:34  Reaper  
  19  1:40  Orbital Command  
  19  1:47  Refinery  
  19  1:53  Reaper  
  20  2:00  Supply Depot  
  20  2:06  Reaper  
  21  2:09  Reaper  
  21  2:13  SCV  
  23  2:25  Reaper  
  23  2:28  SCV  
  25  2:34  Supply Depot  
  25  2:41  SCV  
Show
View Real Time Build Order
Export as new Build Order

TitsMcGee Protoss - Winner!

Build Orders:  

Get SALT Encoding   

  12  0:06  Probe  
  13  0:18  Probe  
  14  0:30  Pylon  
  14  0:32  Probe  
  15  0:48  Probe  
  16  0:56  Gateway  
  16  1:00  Probe  
  17  1:12  Probe  
  17  1:14  Assimilator  
  18  1:19  Assimilator  
  18  1:24  Probe  
  19  1:36  Probe  
  20  1:47  Zealot  
  20  1:48  Cybernetics Core  
  20  1:53  Probe  
  20  1:54  Pylon  
  22  2:05  Probe  
  23  2:09  Gateway  
  23  2:17  Probe  
  24  2:25  Stalker  
  24  2:29  Probe  
  27  2:35  Stargate  
  27  2:42  Pylon  
  27  3:02  Nexus  
Tags
 
Add a new tag
Caveats
  • Supply blocks, unpowered buildings, or Contaminate may cause inaccurate times.
  • Supply counts are checked every 10 seconds.